 Dungeon Crawl Stone Soup version 0.29.1-15-g9cfb28693d (webtiles) character file.

Game seed: 4802764010479167581

2543 manyhoops the Covert (level 9, -4/69 HPs)
             Began as an Octopode Transmuter on Apr 6, 2023.
             Was an Initiate of Gozag.
             Slain by Duvessa
             ... wielding a +0 short sword of freezing
              (11 damage)
             ... on level 6 of the Dungeon.
             The game lasted 00:13:51 (9038 turns).

manyhoops the Covert (Octopode Transmuter)          Turns: 9038, Time: 00:13:51

Health: -4/69      AC:  7    Str: 17    XL:     9   Next: 55%
Magic:  13/15      EV: 10    Int: 17    God:    Gozag
Gold:   388        SH:  0    Dex: 13    Spells: 2/16 levels left

rFire   x . .      SeeInvis .     - Unarmed
rCold   + + +      Faith    .   (shield currently unavailable)
rNeg    . . .      Spirit   .   (helmet currently unavailable)
rPois   +          Reflect  .   (no amulet)
rElec   .          Harm     .   b - +6 ring of strength
rCorr   .          Rampage  .   i - ring of willpower
Will    ++...                   n - ring of wizardry
Stlth   ++++......              m - ring of willpower
HPRegen 0.21/turn               (no ring)
MPRegen 0.14/turn               (no ring)
                                (no ring)
                                (no ring)

@: ice-form, gold aura
A: freezing attack, boosted hp, almost no armour, amphibious, 8 rings, large,
(camouflage 1), (gelatinous body 1), (nimble swimmer 1), (tentacles)
a: End Transformation, Renounce Religion, Potion Petition, Call Merchant, Bribe
Branch


You were on level 6 of the Dungeon.
You worshipped Gozag.
Gozag was aware of your devotion.
You were a creature of crystalline ice.
You visited 2 branches of the dungeon, and saw 8 of its levels.

You collected 478 gold pieces.
You paid 90 gold pieces to Gozag.

Inventory:

Jewellery
 b - a +6 ring of strength (left front paw)
 i - a ring of willpower (right front paw)
 m - a ring of willpower (on tentacle)
 n - a ring of wizardry (on tentacle)
 s - an amulet of faith
 v - a +6 ring of dexterity
Wands
 d - a wand of polymorph (8)
 t - a wand of roots (13)
Scrolls
 a - 2 scrolls of immolation
 f - 2 scrolls of silence {unknown}
 j - 2 scrolls of butterflies {unknown}
 k - a scroll of vulnerability {unknown}
 o - a scroll of enchant weapon
 q - 2 scrolls of brand weapon {unknown}
 u - a scroll of torment {unknown}
Potions
 c - a potion of attraction {unknown}
 e - 3 potions of brilliance {unknown}
 g - a potion of degeneration {unknown}
 h - 2 potions of heal wounds {unknown}
 l - 2 potions of curing
 p - a potion of flight {unknown}
 r - 2 potions of mutation {unknown}


   Skills:
 * Level 3.7 Fighting
 + Level 2.3 Dodging
 - Level 10.0 Stealth
 + Level 6.1 Unarmed Combat
 - Level 4.0 Spellcasting
 - Level 5.0 Transmutations
 - Level 5.0 Ice Magic


You had 2 spell levels left.
You knew the following spells:

 Your Spells              Type           Power      Damage    Failure   Level
a - Beastly Appendage     Tmut           40%        N/A       1%          1
b - Wereblood             Tmut           20%        N/A       1%          2
c - Ice Form              Ice/Tmut       20%        N/A       9%          4
d - Passwall              Tmut/Erth      10%        N/A       3%          2
e - Swiftness             Air            3%         N/A       19%         3
f - Ensorcelled Hibernat  Hex/Ice        22%        N/A       3%          2

Your spell library contained the following spells:

 Spells                   Type           Power      Damage    Failure   Level
 Summon Small Mammal      Summ           12%        N/A       6%          1
 Spider Form              Tmut/Pois      12%        N/A       7%          3
 Call Canine Familiar     Summ           3%         N/A       19%         3
 Summon Guardian Golem    Hex/Summ       3%         N/A       19%         3


Dungeon Overview and Level Annotations

Branches:
Dungeon (7/15)             Temple (1/1) D:4

Altars:
Ashenzari
Cheibriados
Dithmenos
Fedhas
Gozag
Hepliaklqana
Kikubaaqudgha
Makhleb
Nemelex Xobeh
Qazlal
Ru
Trog
Uskayaw
Vehumet
Wu Jian
Xom
Yredelemnul
Zin

Shops:
D:5 (

Annotations:
D:6 Duvessa


Innate Abilities, Weirdness & Mutations

You are a creature of crystalline ice.
You have a powerful freezing melee attack.
Your maximum health is increased.
Your armour is entirely melded.
You are incapable of wielding weapons or throwing items.
You cannot wear most types of armour.
You are amphibious.
You can wear up to eight rings at the same time.
((Your skin changes colour to match your surroundings (Stealth+).))
((Your rubbery body absorbs attacks. (AC +1, EV +1)))
((You are camouflaged when in or above water. (Stealth+)))
((You have tentacles for arms and can constrict up to eight enemies at once.))


Message History

You hit the killer bee. You freeze the killer bee.
You kill the killer bee!
You feel sick.
The centaur shoots an arrow.
The arrow hits you.
Your Unarmed Combat skill increases to level 6!
You punch the centaur! You freeze the centaur.
The centaur is severely wounded.
You feel sick.
The centaur unwields a +0 shortbow.
The centaur barely misses you.
The centaur kicks you but does no damage.
You punch the centaur! You freeze the centaur.
You kill the centaur!
You feel sick. Duvessa closely misses you.
You punch Duvessa! You freeze Duvessa.
Duvessa is moderately wounded.
You feel sick. Duvessa hits you but does no damage.
You punch Duvessa! You freeze Duvessa.
Duvessa is heavily wounded.
You feel sick.
Duvessa hits you with a +0 short sword of freezing.
A white imp comes into view.
You punch Duvessa! You freeze Duvessa.
Duvessa is severely wounded.
You feel sick.
Duvessa hits you with a +0 short sword of freezing!!
* * * LOW HITPOINT WARNING * * *
Duvessa hits you but does no damage.
You are too injured to fight recklessly!
You feel sick.
You are no longer poisoned.
Duvessa hits you with a +0 short sword of freezing!
* * * LOW HITPOINT WARNING * * *
You climb upwards.
There is a stone staircase leading down here.
Okay, then.
Okay, then.
You hit Duvessa. You freeze Duvessa.
Duvessa is almost dead.
Duvessa hits you with a +0 short sword of freezing!
You die...
Your body crumbles into a pile of gold.

#..........#. ##..#..#..##.
#######..##. #...... #......
### #...... #################.#
#...###
#......##...#e....########.)##.
#...#.........Y...#.........##.
#...#..........[.#.....#.......
#...#............+.....#....##.
#...+............##...###...###
#.).#............########...##.
#..######..###...##...#........
#..######'#########...#........
#.)..(.......#........'........
#............#........#........


You could see Duvessa (berserk).

Vanquished Creatures
  Pikel (D:5)
  Sigmund (D:4)
  Eustachio (D:4)
  An ice beast (D:5)
  A sky beast (D:6)
  A black bear (D:6)
  2 ogres
  A centaur (D:7)
  A lemure (D:5)
  3 phantoms
  A kobold brigand (D:4)
  3 scorpions
  A gnoll sergeant (D:5)
  Dowan (D:7)
  2 killer bees (D:7)
  5 hounds
  2 orc priests (D:5)
  Crazy Yiuf (D:5)
  Ijyb (D:3)
  4 orc wizards
  3 iguanas
  5 gnolls (D:5)
  2 adders (D:2)
  A shadow imp (D:6)
  2 worms
  A dart slug (D:3)
  30 orcs
  5 ball pythons
  2 bats (D:1)
  6 endoplasms
  3 giant cockroaches
  6 goblins
  12 hobgoblins
  2 jackals (D:1)
  5 quokkas
  2 frilled lizards
  4 kobolds
  3 rats (D:2)
128 creatures vanquished.

Vanquished Creatures (collateral kills)
  2 orcs (D:5)
2 creatures vanquished.

Vanquished Creatures (others)
  2 plants (D:6)
2 creatures vanquished.

Grand Total: 132 creatures vanquished

Notes
Turn   | Place    | Note
-------+----------+-------------------------------------------
     0 | D:1      | manyhoops the Octopode Transmuter began the quest for the
                  | Orb.
     0 | D:1      | Reached XP level 1. HP: 13/13 MP: 3/3
   147 | D:1      | Reached XP level 2. HP: 18/18 MP: 3/5
   372 | D:1      | Reached XP level 3. HP: 23/24 MP: 4/6
  1783 | D:2      | Reached XP level 4. HP: 25/29 MP: 7/7
  2795 | D:3      | Learned a level 2 spell: Wereblood
  2800 | D:3      | Learned a level 4 spell: Ice Form
  2990 | D:3      | Noticed Ijyb
  3001 | D:3      | Killed Ijyb
  3002 | D:3      | Reached skill level 1 in Ice Magic
  3002 | D:3      | Reached XP level 5. HP: 11/35 MP: 8/8
  3746 | D:4      | Noticed a kobold brigand
  4038 | D:4      | Noticed Sigmund
  4195 | D:4      | Reached XP level 6. HP: 39/41 MP: 7/9
  4243 | D:5      | Entered Level 5 of the Dungeon
  4635 | D:5      | Noticed Pikel
  5093 | D:4      | Noticed Eustachio
  5374 | D:5      | Reached XP level 7. HP: 9/45 MP: 11/11
  5679 | D:5      | Found Ufaup's Weapon Shoppe.
  5725 | D:5      | Killed Pikel
  5726 | D:5      | Reached skill level 5 in Transmutations
  5726 | D:5      | Reached skill level 5 in Ice Magic
  5726 | D:5      | Reached XP level 8. HP: 34/51 MP: 2/14
  5899 | D:5      | Reached skill level 2 in Stealth
  5911 | D:5      | Reached skill level 3 in Stealth
  5915 | D:5      | HP: 3/61 [poisoned by a gnoll]
  5917 | D:5      | HP: 1/61 [poisoned by a gnoll]
  6413 | D:5      | Reached skill level 4 in Stealth
  6657 | D:5      | Found a runed translucent door.
  6658 | D:5      | Noticed Crazy Yiuf
  6802 | D:5      | Killed Crazy Yiuf
  6803 | D:5      | Reached skill level 5 in Stealth
  6882 | D:4      | Killed Sigmund
  6883 | D:4      | Reached skill level 6 in Stealth
  6998 | D:4      | Reached skill level 7 in Stealth
  7016 | D:4      | Killed Eustachio
  7017 | D:4      | Reached skill level 8 in Stealth
  7017 | D:4      | Reached XP level 9. HP: 23/55 MP: 7/15
  7364 | D:4      | Found a staircase to the Ecumenical Temple.
  7512 | Temple   | Entered the Ecumenical Temple
  7612 | Temple   | Became a worshipper of Gozag Ym Sagoz the Greedy
  7815 | D:6      | Reached skill level 9 in Stealth
  8003 | D:6      | Learned a level 2 spell: Passwall
  8007 | D:6      | Learned a level 3 spell: Swiftness
  8012 | D:6      | Learned a level 2 spell: Ensorcelled Hibernation
  8018 | D:6      | Reached skill level 10 in Stealth
  8067 | D:6      | Reached skill level 5 in Unarmed Combat
  8171 | D:6      | Found a glowing silver altar of Zin.
  8555 | D:6      | Identified the +8 flail "Elu Zisimu" {elec, Will+}
  8823 | D:7      | Noticed Dowan
  8825 | D:7      | Noticed Duvessa
  8842 | D:7      | Killed Dowan
  9038 | D:6      | Slain by Duvessa

Illustrated notes

Levels and vault maps discovered:
D:1:      scummos_arrival_forest, layout_basic, minmay_box_of_dots
D:2:      layout_basic
D:3:      layout_basic, nicolae_elevator_lobby_asterisk, uniq_ijyb
D:4:      layout_rooms, minmay_temple_entry_poolview, uniq_sigmund,
          uniq_eustachio
D:5:      layout_gridville, serial_shops, kennysheep_mini,
          uniq_crazy_yiuf_cottage, uniq_pikel
D:6:      layout_gridville, mainiacjoe_overflow_boulevard
D:7:      layout_rooms, uniq_duvessa
Temple:   minmay_temple_bridge_d

Skill      XL: |  1  2  3  4  5  6  7  8  9 |
---------------+----------------------------+-----
Unarmed Combat | 4 6 |  6.1
Fighting       | 2 3 |  3.7
Ice Magic      | 1 2 3 5 |  5.0
Transmutations | 3 5 |  5.0
Spellcasting   | 3 4 |  4.0
Stealth        | 8 10 | 10.0
Dodging        | |  2.3

Action                   |  1- 3 |  4- 6 |  7- 9 || total
-------------------------+-------+-------+-------++-------
Melee: Unarmed           |    68 |    93 |   160 ||   321
       Kick              |    18 |    24 |       ||    42
       Tentacles         |    13 |    15 |     1 ||    29
       Constrict         |    22 |    21 |       ||    43
       Punch             |     4 |     3 |       ||     7
 Cast: Beastly Appendage |    24 |    22 |       ||    46
       Wereblood         |       |     1 |     7 ||     8
       Ice Form          |       |       |    25 ||    25
Evoke: Wand              |       |     1 |       ||     1
  Use: Potion            |       |     5 |       ||     5
       Scroll            |       |     6 |       ||     6
 Stab: Sleeping          |     8 |     4 |     4 ||    16
Armor: Skin              |     4 |    26 |    40 ||    70
Dodge: Dodged            |    36 |    44 |    71 ||   151
